 Dungeon Crawl Stone Soup version 0.26.0-15-gc6cd9f7 (webtiles) character file.

Game seed: 18145017579925350916

310 MercyWheel the Changer (level 6, -1/38 HPs)
             Began as an Octopode Transmuter on Jan 23, 2021.
             Splashed by a jelly's acid (11 damage)
             ... on level 4 of the Dungeon.
             The game lasted 00:05:58 (2603 turns).

MercyWheel the Changer (Octopode Transmuter)        Turns: 2603, Time: 00:05:59

Health: -1/38      AC:  1    Str: 10    XL:     6   Next: 41%
Magic:  6/9        EV: 14    Int: 15    God:
Gold:   68         SH:  0    Dex: 14    Spells: 3/9 levels left

rFire    . . .     SeeInvis .     - Unarmed
rCold    . . .     Faith    .   (no shield)
rNeg     . . .     Spirit   .   (helmet restricted)
rPois    .         Reflect  .   (no amulet)
rElec    .         Harm     .   (no ring)
rCorr    .         Rampage  .   (no ring)
Will     .....                  (no ring)
Stlth    ++........             (no ring)
HPRegen  0.12/turn              (no ring)
MPRegen  0.11/turn              (no ring)
                                (no ring)
                                (no ring)

@: wereblooded
A: almost no armour, stealthy swim, amphibious, 8 rings, constrict 8, camouflage
1, gelatinous body 1
a: no special abilities


You were on level 4 of the Dungeon.
You visited 1 branch of the dungeon, and saw 4 of its levels.

You collected 68 gold pieces.

Inventory:

Missiles
 d - 10 bolts
Jewellery
 h - the amulet "Uwakeah" {Faith *Slow rC- rN+++ Slay+5}
   (You found it on level 4 of the Dungeon)

   [amulet of faith]

   It allows you to gain divine favour quickly.
   It affects your accuracy and damage with ranged weapons and melee attacks
   (+5).
   It makes you vulnerable to cold.
   It renders you almost immune to negative energy.
   It may slow you when you take damage.
Wands
 f - a wand of flame (9)
Scrolls
 a - 3 scrolls of teleportation {unknown}
 b - 2 scrolls of remove curse {unknown}
 e - 3 scrolls of identify {unknown}
 g - a scroll of immolation {unknown}
 i - a scroll of magic mapping {unknown}
Potions
 c - a potion of attraction {unknown}


   Skills:
 - Level 1.0 Fighting
 + Level 3.2 Dodging
 - Level 3.0 Unarmed Combat
 - Level 2.0 Spellcasting
 - Level 5.0 Transmutations
 - Level 3.6 Poison Magic


You had 3 spell levels left.
You knew the following spells:

 Your Spells              Type           Power        Failure   Level
a - Beastly Appendage     Tmut           32%          2%          1
b - Wereblood             Tmut           16%          4%          2
c - Spider Form           Tmut/Pois      7%           11%         3

Your spell library contained the following spells:

 Spells                   Type           Power        Failure   Level
 Ice Form                 Ice/Tmut       9%           61%         4
 Blade Hands              Tmut           8%           61%         5


Dungeon Overview and Level Annotations

Branches:
Dungeon (4/15)
 Temple: D:4-7

Altars:
Dithmenos
Fedhas

Annotations:
D:3 2 transporters, Hienro's ghost, weakling DEAE


Innate Abilities, Weirdness & Mutations

You cannot wear most types of armour.
You are very stealthy in the water. (Stealth+)
You are amphibious.
You can wear up to eight rings at the same time.
You can use your tentacles to constrict eight enemies at once.
Your skin changes colour to match your surroundings (Stealth+).
Your rubbery body absorbs attacks. (AC +1, EV +1)


Message History

You hit the orc priest.
The orc priest looks as sick as possible!
The orc priest is almost dead.
The orc priest misses you.
You hit the orc priest but do no damage.
The orc priest is almost dead.
You kill the orc priest!
Your Dodging skill increases to level 3!
Your transformation has ended.
You climb downwards.
The leopard gecko bites you. The jelly hits you.
You are splashed with acid.
The leopard gecko bites you.
There is a stone staircase leading up here.
You tentacle-slap the jelly.
Your tentacles burn!
* * * LOW HITPOINT WARNING * * *
You squeeze the jelly!
The jelly is severely wounded.
The jelly hits you.
* * * LOW HITPOINT WARNING * * *
You are splashed with acid!
You die...

#>.#####.......#
#..# ##......##
#..# #...##..##
#..# ##..###..#
#..# #...###.##
##..# ##...##..#
#...# ##...#..#
†...# ##.....#
...##
######..@l##
....#
##........J.#
...##
#...........#
#.#.#
##..#....###..#
....###.########
..... .#.#.l.##
..... .......#
...## #.#.#.##
..## ......#


You could see a jelly and a leopard gecko.

Vanquished Creatures
  2 orc priests (D:3)
  An orc wizard (D:3)
  Ijyb (D:3)
  Natasha (thrice) (D:3)
  6 adders
  2 oozes
  A worm (D:2)
  A dart slug (D:3)
  5 orcs (D:3)
  2 giant cockroaches
  4 goblins
  5 hobgoblins
  10 jackals
  2 kobolds
  A quokka (D:3)
  4 bats
  3 frilled lizards
  4 rats
57 creatures vanquished.

Vanquished Creatures (others)
  13 plants (D:3)
13 creatures vanquished.

Grand Total: 70 creatures vanquished

Notes
Turn   | Place    | Note
-------+----------+-------------------------------------------
     0 | D:1      | MercyWheel the Octopode Transmuter began the quest for the
                  | Orb.
     0 | D:1      | Reached XP level 1. HP: 13/13 MP: 3/3
   169 | D:1      | Reached XP level 2. HP: 18/18 MP: 5/5
   361 | D:1      | Reached skill level 3 in Transmutations
   480 | D:2      | Learned a level 2 spell: Wereblood
   486 | D:2      | Reached XP level 3. HP: 13/23 MP: 6/6
   930 | D:2      | Reached skill level 4 in Transmutations
   990 | D:2      | Reached XP level 4. HP: 14/28 MP: 5/7
   994 | D:2      | Learned a level 3 spell: Spider Form
  1163 | D:2      | Found a shadowy altar of Dithmenos.
  1365 | D:2      | Reached skill level 1 in Poison Magic
  1404 | D:3      | Found a transporter.
  1415 | D:3      | Noticed Hienro's ghost (weakling DEAE)
  1443 | D:3      | Found a transporter.
  1520 | D:3      | Noticed Natasha
  1530 | D:3      | Killed Natasha
  1566 | D:3      | Noticed Natasha
  1574 | D:3      | Killed Natasha
  1575 | D:3      | Reached XP level 5. HP: 30/33 MP: 2/8
  1641 | D:3      | Noticed Natasha
  1655 | D:3      | Killed Natasha
  1910 | D:3      | Noticed Ijyb
  1945 | D:3      | Killed Ijyb
  1946 | D:3      | Reached skill level 5 in Transmutations
  1946 | D:3      | Reached XP level 6. HP: 28/38 MP: 9/9
  2047 | D:3      | Found a blossoming altar of Fedhas.
  2106 | D:3      | Identified the +9 spear "MercyWheel's Foe" {venom, rPois
                  | Will- Int+8 Dex-3}
  2150 | D:4      | Got a pitted jade amulet
  2160 | D:3      | Identified the amulet "Uwakeah" {Faith *Slow rC- rN+++
                  | Slay+5} (You found it on level 4 of the Dungeon)
  2603 | D:4      | Splashed by a jelly's acid

Illustrated notes

Levels and vault maps discovered:
D:1:      zelgadis_glass_arrival_small, layout_basic
D:2:      layout_loops_corners, grunt_dithmenos_smoke_and_mirrors
D:3:      layout_basic, fedhas_altar_fruit_tree, gammafunk_ghost_gnarly_gnolls,
          chequers_big_river, uniq_ijyb, uniq_natasha
D:4:      layout_layer_cave, hex_medium

Skill      XL: |  1  2  3  4  5  6 |
---------------+-------------------+-----
Transmutations | 3 4 5 |  5.0
Poison Magic   | 2 3 |  3.6
Dodging        | 3 |  3.2
Fighting       | |  1.0
Unarmed Combat | |  3.0
Spellcasting   | |  2.0

Action                   |  1- 3 |  4- 6 || total
-------------------------+-------+-------++-------
Melee: Unarmed           |    57 |   127 ||   184
       Constrict         |    15 |    24 ||    39
       Kick              |    12 |    11 ||    23
       Tentacles         |     4 |    10 ||    14
       Punch             |       |     3 ||     3
 Cast: Beastly Appendage |     7 |     9 ||    16
       Wereblood         |       |     7 ||     7
       Spider Form       |       |     5 ||     5
 Stab: Sleeping          |     6 |     1 ||     7
       Distracted        |       |     1 ||     1
Armor: Skin              |     7 |     9 ||    16
Dodge: Dodged            |    40 |    82 ||   122
